[Event "Titled Tuesday Blitz June 13 Late 2023"]
[White "Djordjevic, Vuk"]
[Black "Gil Alba, Hector Luis"]
[WhiteFideId "902098"]
[BlackFideId "3504670"]
[WhiteElo "2463"]
[BlackElo "2331"]
[Result "1-0"]
[Round "5"]
[TimeControl "180+2"]
[Date "2023.06.13"]
[WhiteClock "0:00:14"]
[BlackClock "0:00:00"]
[Board "44"]

1. d4 Nf6 2. Bg5 Ne4 3. Bf4 d5 4. e3 c5 5. Bd3 Nc6 6. Bxe4 dxe4 7. d5 g5 8. Bxg5 Bg7 9. Nc3 Bxc3+ 10. bxc3 Ne5 11. Ne2 Bg4 12. Bf4 Ng6 13. Bg3 h5 14. c4 h4 15. Bf4 h3 16. gxh3 Bf3 17. Rg1 Nxf4 18. exf4 Qd6 19. Qd2 O-O-O 20. Rg3 e6 21. Nc3 exd5 22. cxd5 Qf6 23. Rb1 Qf5 24. Qe3 b6 25. Rb5 1-0


[Site "https://www.chess.com"]

[Event "Titled Tuesday Blitz June 13 Late 2023"]
[White "Klukin, Kirill"]
[Black "Van Foreest, Machteld"]
[WhiteFideId "24199273"]
[BlackFideId "1051563"]
[WhiteElo "2344"]
[BlackElo "2018"]
[Result "1-0"]
[Round "5"]
[TimeControl "180+2"]
[Date "2023.06.13"]
[WhiteClock "0:01:39"]
[BlackClock "0:01:27"]
[Board "45"]

1. f4 d5 2. Nf3 Nf6 3. g3 e6 4. Bg2 Bd6 5. O-O O-O 6. d3 c5 7. Nc3 Nc6 8. e4 d4 9. Ne2 e5 10. h3 Qc7 11. f5 b5 12. g4 c4 13. Ng3 Ba6 14. Rf2 cxd3 15. cxd3 Nb4 16. a3 Nc6 17. Bg5 Be7 18. Rc1 Rac8 19. Rfc2 Bb7 20. Bxf6 Bxf6 21. g5 Be7 22. Nh5 Qd6 23. Qe1 b4 24. Qh4 f6 25. g6 h6 26. Nh2 bxa3 27. bxa3 Na5 28. Ng4 Rxc2 29. Rxc2 Qxa3 30. Nxg7 Rc8 31. Qxh6 Bb4 32. Nxf6+ Kf8 33. Ne6+ Ke7 34. Qg7+ 1-0


[Site "https://www.chess.com"]

[Event "Titled Tuesday Blitz June 13 Late 2023"]
[White "Rodriguez, Santiago"]
[Black "Bordi, Kevin"]
[WhiteFideId "3000591"]
[BlackFideId "621862"]
[WhiteElo "2249"]
[BlackElo "2737"]
[Result "0-1"]
[Round "5"]
[TimeControl "180+2"]
[Date "2023.06.13"]
[WhiteClock "0:01:07"]
[BlackClock "0:01:57"]
[Board "46"]

1. d4 d5 2. Nc3 Nf6 3. Bf4 Bf5 4. e3 e6 5. f3 a6 6. g4 Bg6 7. h4 h5 8. g5 Nfd7 9. e4 dxe4 10. fxe4 c5 11. d5 Qb6 12. Qd2 Bd6 13. dxe6 Bxf4 14. exd7+ Nxd7 15. Qxf4 Qxb2 16. Kd2 Qxa1 17. Bh3 Rd8 18. Nf3 Qxh1 19. Bg2 Qxg2+ 0-1


[Site "https://www.chess.com"]

[Event "Titled Tuesday Blitz June 13 Late 2023"]
[White "Nazari, Arad"]
[Black "FuenfgegenWilly"]
[WhiteFideId "12577324"]
[WhiteElo "2175"]
[BlackElo "2416"]
[Result "1-0"]
[Round "5"]
[TimeControl "180+2"]
[Date "2023.06.13"]
[WhiteClock "0:00:10"]
[BlackClock "0:00:07"]
[Board "47"]

1. e4 e5 2. f4 Bc5 3. Nf3 d6 4. c3 Bb6 5. fxe5 dxe5 6. Na3 Nc6 7. Nc4 Bg4 8. d3 f6 9. Be2 Nge7 10. Be3 Be6 11. Nxb6 axb6 12. O-O O-O 13. a3 Kh8 14. d4 exd4 15. cxd4 Bg8 16. d5 Ne5 17. Nxe5 fxe5 18. Rxf8 Qxf8 19. Qc2 c6 20. d6 Nc8 21. d7 Nd6 22. Bxb6 Qe7 23. Rd1 Nf7 24. Bc4 Nd8 25. Bxg8 Kxg8 26. Qc4+ Qf7 27. Qc5 Qb3 28. Rf1 Ne6 29. Qf2 h6 30. Qf7+ Kh7 31. d8=Q Nxd8 32. Qxb3 1-0


[Site "https://www.chess.com"]

[Event "Titled Tuesday Blitz June 13 Late 2023"]
[White "Vaglio Munoz, Jaime"]
[Black "Zwirs, Nico"]
[WhiteFideId "6500145"]
[BlackFideId "1036432"]
[WhiteElo "2199"]
[BlackElo "2381"]
[Result "1/2-1/2"]
[Round "5"]
[TimeControl "180+2"]
[Date "2023.06.13"]
[WhiteClock "0:00:05"]
[BlackClock "0:00:05"]
[Board "48"]

1. d4 d5 2. Nf3 Nf6 3. e3 e6 4. Bd3 Bd6 5. b3 O-O 6. Bb2 Nbd7 7. O-O Qe7 8. Ne5 Ne4 9. f3 Bxe5 10. fxe4 dxe4 11. dxe5 exd3 12. cxd3 b6 13. Nd2 Bb7 14. Qg4 Rad8 15. Nc4 b5 16. Ba3 c5 17. Na5 Nxe5 18. Qg3 Nxd3 19. Rad1 Be4 20. Rd2 Rd5 21. Nc6 Qb7 22. Qh4 Qxc6 23. Qxe4 f5 24. Qf3 Rfd8 25. Rxd3 b4 26. Bb2 Qa6 27. Qg3 Qb7 28. Rxd5 Rxd5 29. e4 Rd2 30. Qe5 Re2 31. Qxe6+ Qf7 32. Qc8+ Qf8 33. Qxf8+ Kxf8 34. Rxf5+ Ke7 35. Bxg7 Rxa2 36. Bf8+ Ke6 37. Bxc5 a5 38. Bb6 a4 39. bxa4 b3 40. Rb5 b2 41. a5 Ra1+ 42. Kf2 b1=Q 43. Rxb1 Rxb1 44. Kf3 Rb2 45. h4 Ra2 46. g4 Ke5 47. Bc7+ Ke6 48. Kf4 h6 49. g5 h5 50. g6 Rg2 51. a6 Ra2 52. Kg5 Rxa6 53. Kxh5 Kf6 54. Kh6 Ra7 55. Bd8+ Ke6 56. g7 Ra6 57. Bg5 Kd7+ 58. Kh7 Rf6 59. g8=Q Re6 60. Qg7+ Re7 61. Qxe7+ Kc6 62. Qe6+ Kb5 63. Qd5+ Ka4 64. Be7 1/2-1/2


[Site "https://www.chess.com"]

[Event "Titled Tuesday Blitz June 13 Late 2023"]
[White "Caruana, Fabiano"]
[Black "Kavutskiy, Konstantin"]
[WhiteFideId "2020009"]
[BlackFideId "2026384"]
[WhiteElo "2832"]
[BlackElo "2323"]
[Result "1-0"]
[Round "5"]
[TimeControl "180+2"]
[Date "2023.06.13"]
[WhiteClock "0:01:34"]
[BlackClock "0:00:04"]
[Board "49"]

1. e4 c5 2. Nf3 Nc6 3. Bb5 g6 4. Bxc6 dxc6 5. d3 Qc7 6. h3 e5 7. Nc3 Nf6 8. Be3 Bd6 9. Nd2 Be6 10. O-O h6 11. b3 g5 12. Nc4 O-O-O 13. a4 Rhg8 14. a5 g4 15. h4 g3 16. fxg3 Bxc4 17. bxc4 Ng4 18. Qe2 Rg7 19. Rf3 Rdg8 20. Bd2 Qe7 21. Raf1 Bc7 22. Nd1 Kb8 23. Nf2 Nxf2 24. Qxf2 Qd8 25. Bxh6 Rg6 26. Be3 Bxa5 27. h5 Rg4 28. h6 Bc3 29. Rxf7 Rxg3 30. h7 Rxg2+ 31. Qxg2 Rxg2+ 32. Kxg2 Qh4 33. h8=Q+ 1-0


[Site "https://www.chess.com"]

[Event "Titled Tuesday Blitz June 13 Late 2023"]
[White "Chernobay, Artem"]
[Black "Mikaelyan, Arman"]
[WhiteFideId "4167406"]
[BlackFideId "13304852"]
[WhiteElo "2474"]
[BlackElo "2456"]
[Result "1-0"]
[Round "5"]
[TimeControl "180+2"]
[Date "2023.06.13"]
[WhiteClock "0:00:09"]
[BlackClock "0:00:24"]
[Board "50"]

1. d4 b6 2. c4 Bb7 3. Nc3 e6 4. d5 Nf6 5. e4 Bb4 6. Bd3 exd5 7. cxd5 O-O 8. Ne2 c6 9. O-O Re8 10. a3 Bf8 11. Bg5 h6 12. Bh4 d6 13. Nd4 cxd5 14. exd5 Nbd7 15. Nc6 Bxc6 16. dxc6 Ne5 17. Bxf6 Qxf6 18. Nd5 Qd8 19. Rc1 Qc8 20. b4 Re6 21. Bf5 b5 22. Nf4 Nc4 23. Qd5 Re5 24. Bxc8 Rxd5 25. Bb7 Rd4 26. Bxa8 Rxf4 27. c7 Nb6 28. c8=Q Nxc8 29. Rxc8 g6 30. Bd5 Kg7 31. Rd1 Be7 32. Rc7 Bg5 33. g3 Rf5 34. h4 Bd8 35. Rd7 Bb6 36. Rd2 Kf8 37. Rxd6 Ke7 38. Rc6 g5 39. hxg5 hxg5 40. Kg2 g4 41. Be4 Re5 42. Bc2 Re1 43. Bd3 Ra1 44. Bxb5 Rxa3 45. Rc4 f5 46. Rf4 Rb3 47. Re2+ Kd6 48. Rxf5 Rxb4 49. Bd3 Rd4 50. Be4 a5 51. Rb5 Bc7 52. Bf5 Kc6 53. Rbb2 Bd6 54. Re4 Rd1 55. Bxg4 Rc1 56. Bf3 Kc5 57. Ree2 Ra1 58. Rec2+ Kd4 59. Rd2+ Kc3 60. Rbc2+ Kb3 61. Bd5+ Kb4 62. Rd4+ Kb5 63. Bc6+ Kb6 64. Rxd6 a4 65. Bxa4+ Ka5 66. Bd7 Kb4 67. Rb6+ Ka5 68. Rb5+ Ka6 69. Rb8 Ka7 70. Rcb2 Rd1 71. Bg4 Rd4 72. R2b7+ Ka6 73. Be2+ Rd3 74. Bxd3+ 1-0


[Site "https://www.chess.com"]

[Event "Titled Tuesday Blitz June 13 Late 2023"]
[White "Mendez Fortes, Eduardo Jesus"]
[Black "Ibarra Jerez, Jose Carlos"]
[WhiteFideId "3502376"]
[BlackFideId "2226332"]
[WhiteElo "2307"]
[BlackElo "2631"]
[Result "1-0"]
[Round "5"]
[TimeControl "180+2"]
[Date "2023.06.13"]
[WhiteClock "0:00:08"]
[BlackClock "0:00:05"]
[Board "51"]

1. e4 e6 2. d4 d5 3. Nd2 c5 4. exd5 Qxd5 5. Ngf3 cxd4 6. Bc4 Qd6 7. O-O Nf6 8. Nb3 Nc6 9. Nbxd4 Nxd4 10. Nxd4 Be7 11. Re1 O-O 12. c3 Bd7 13. Qe2 Qc7 14. Bg5 Rac8 15. Bb3 Rfe8 16. Rad1 Qa5 17. Bh4 Qc5 18. Nf3 Bb5 19. Qc2 Qh5 20. Bg3 Bc6 21. Ne5 Bd5 22. Ba4 Red8 23. Rd2 Be4 24. Qc1 Bd5 25. Bd1 Qh6 26. Bc2 Nh5 27. Ng4 Qg5 28. Re5 f5 29. Ne3 Bf6 30. h4 Qh6 31. Nxd5 Bxe5 32. Bxe5 Rxd5 33. Bd4 Rcd8 34. Bb3 R5d6 35. Qe1 Nf4 36. g3 Nd5 37. Re2 Qg6 38. Re5 h6 39. Bc2 Nf4 40. Kh2 Nd5 41. Bb3 Kh7 42. Bc2 Rf8 43. Qe2 f4 44. Bxg6+ Kxg6 45. Qd3+ Kf7 46. Qe4 Re8 47. gxf4 Nf6 48. Qe2 h5 49. f5 Ng4+ 50. Kg3 Nxe5 51. Qxe5 Ke7 52. Qxg7+ Kd8 53. f6 e5 54. f7 exd4 55. fxe8=Q+ Kxe8 56. cxd4 Rd7 57. Qe5+ Re7 58. Kf4 Kf7 59. Qxe7+ Kxe7 60. Ke5 1-0


[Site "https://www.chess.com"]

[Event "Titled Tuesday Blitz June 13 Late 2023"]
[White "Bortnyk, Mykola"]
[Black "robertoalejandro10"]
[WhiteFideId "14120836"]
[WhiteElo "2592"]
[BlackElo "2603"]
[Result "1-0"]
[Round "5"]
[TimeControl "180+2"]
[Date "2023.06.13"]
[WhiteClock "0:02:06"]
[BlackClock "0:01:20"]
[Board "52"]

1. e4 c5 2. c3 d5 3. exd5 Qxd5 4. d4 g6 5. dxc5 Qxc5 6. Be3 Qa5 7. Na3 Bd7 8. Qb3 Nc6 9. Nf3 Bg7 10. Bc4 e6 11. Nb5 Qc7 12. Nxc7+ 1-0


[Site "https://www.chess.com"]

[Event "Titled Tuesday Blitz June 13 Late 2023"]
[White "Kramnik, Vladimir"]
[Black "Perez, Maximiliano"]
[WhiteFideId "4101588"]
[BlackFideId "117234"]
[WhiteElo "2703"]
[BlackElo "2334"]
[Result "1-0"]
[Round "5"]
[TimeControl "180+2"]
[Date "2023.06.13"]
[WhiteClock "0:00:21"]
[BlackClock "0:00:13"]
[Board "53"]

1. e4 c5 2. Nf3 Nc6 3. c3 Nf6 4. e5 Nd5 5. Bc4 Nb6 6. Bb3 d5 7. exd6 e6 8. O-O Bxd6 9. d4 cxd4 10. cxd4 O-O 11. Nc3 Be7 12. Re1 Bf6 13. Be3 Nd5 14. Rc1 g6 15. Nxd5 exd5 16. Bh6 Bg7 17. Bxg7 Kxg7 18. Ne5 Nxe5 19. Rxe5 Be6 20. Qf3 Rc8 21. Rce1 Qb6 22. Qf4 a5 23. h4 h5 24. R1e2 a4 25. Bxd5 Bxd5 26. Rxd5 Rcd8 27. Rxd8 Rxd8 28. Re7 Qf6 29. Qxf6+ Kxf6 30. Rxb7 Rxd4 31. g3 Ke6 32. a3 Rd2 33. Kg2 f6 34. Kf3 g5 35. Rb6+ Kf5 36. Rb5+ Kg6 37. Ke3 Rc2 38. Rb4 gxh4 39. gxh4 Kf5 40. f3 Rh2 41. Rxa4 Rxb2 42. Rf4+ Kg6 43. Rb4 Ra2 44. a4 Kf5 45. Rb5+ Kg6 46. a5 Ra3+ 47. Ke4 Ra4+ 48. Kd5 Rxh4 49. Kc5 Ra4 50. Kb6 h4 51. a6 h3 52. a7 h2 53. Rb1 Kg5 54. Rh1 Kf4 55. Rxh2 Kxf3 56. Rh5 Kg4 57. Ra5 1-0


[Site "https://www.chess.com"]

[Event "Titled Tuesday Blitz June 13 Late 2023"]
[White "Chigaev, Maksim"]
[Black "Fantinel, Thibault"]
[WhiteFideId "4108116"]
[BlackFideId "663395"]
[WhiteElo "2561"]
[BlackElo "2316"]
[Result "1-0"]
[Round "5"]
[TimeControl "180+2"]
[Date "2023.06.13"]
[WhiteClock "0:00:03"]
[BlackClock "0:00:01"]
[Board "54"]

1. d4 Nf6 2. c4 b6 3. Nf3 Bb7 4. g3 g6 5. Bg2 Bg7 6. O-O O-O 7. d5 Na6 8. Nd4 Nc5 9. Nc3 a5 10. e4 e5 11. Ndb5 d6 12. b3 Nfd7 13. Be3 f5 14. exf5 gxf5 15. f4 e4 16. Bd4 Nd3 17. Bxg7 Kxg7 18. Qd2 N7c5 19. Qe3 Rf7 20. Nd4 Qf6 21. Rab1 h5 22. a3 a4 23. b4 Nb3 24. Nxf5+ Qxf5 25. Bxe4 Qf6 26. Qxd3 Re8 27. Bf3 Rfe7 28. Ne4 Qd4+ 29. Qxd4+ Nxd4 30. Ng5 b5 31. Bxh5 Rh8 32. Rfd1 Ne2+ 33. Bxe2 Rxe2 34. h4 bxc4 35. Rbc1 Ba6 36. Ne6+ Kf6 37. Nxc7 Bc8 38. Rxc4 Ra2 39. Rc3 Bf5 40. Ne6 Be4 41. Ng5 Kf5 42. Nxe4 Kxe4 43. Re1+ Kf5 44. Rce3 Kg4 45. R1e2 Ra1+ 46. Kg2 Rc8 47. Re6 Rxa3 48. Rg6+ Kf5 49. h5 Rcc3 50. Rg5+ Kf6 51. h6 Kf7 52. h7 1-0


[Site "https://www.chess.com"]

[Event "Titled Tuesday Blitz June 13 Late 2023"]
[White "Kosakowski, Jakub"]
[Black "Piesik, Piotr"]
[WhiteFideId "1185080"]
[BlackFideId "1136194"]
[WhiteElo "2488"]
[BlackElo "2303"]
[Result "1-0"]
[Round "5"]
[TimeControl "180+2"]
[Date "2023.06.13"]
[WhiteClock "0:01:59"]
[BlackClock "0:00:54"]
[Board "55"]

1. Nc3 d5 2. e4 d4 3. Nce2 c5 4. f4 Nc6 5. Nf3 e5 6. d3 Bd6 7. g3 Bg4 8. Bg2 Qd7 9. O-O Bh3 10. Bxh3 Qxh3 11. Ng5 Qd7 12. Nxf7 Qxf7 13. fxe5 Qxf1+ 14. Qxf1 Nxe5 15. Qf5 Ne7 16. Qe6 Rd8 17. Bg5 Nf7 18. Bxe7 Bxe7 19. Rf1 Ng5 20. Qe5 Rf8 21. Rxf8+ Kxf8 22. Qc7 Rd6 23. Nf4 1-0


[Site "https://www.chess.com"]

[Event "Titled Tuesday Blitz June 13 Late 2023"]
[White "Harsh Suresh"]
[Black "Deng, Henry"]
[WhiteFideId "45018464"]
[BlackFideId "30965454"]
[WhiteElo "2209"]
[BlackElo "2553"]
[Result "1-0"]
[Round "5"]
[TimeControl "180+2"]
[Date "2023.06.13"]
[WhiteClock "0:00:35"]
[BlackClock "0:00:46"]
[Board "56"]

1. e4 c5 2. Nf3 e6 3. b3 Nc6 4. Bb2 a6 5. d4 cxd4 6. Nxd4 Bb4+ 7. Nd2 Nf6 8. Bd3 Qa5 9. a3 Bxd2+ 10. Qxd2 Qxd2+ 11. Kxd2 d5 12. exd5 exd5 13. Rhe1+ Kd8 14. f3 Bd7 15. Nf5 Bxf5 16. Bxf5 Kc7 17. g4 Rhe8 18. Bd3 Nd7 19. Bxg7 Nde5 20. Rf1 Nxd3 21. Kxd3 Re6 22. Rae1 Rg6 23. Bc3 Kd7 24. h4 h5 25. g5 Rd6 26. Bf6 Re6 27. f4 Rae8 28. Rxe6 fxe6 29. c4 dxc4+ 30. Kxc4 Kd6 31. Rd1+ Kc7 32. b4 e5 33. f5 e4 34. Re1 b5+ 35. Kc3 Kd6 36. g6 Ne7 37. Bxe7+ Rxe7 38. f6 Rc7+ 39. Kd2 Ke6 40. g7 Rc8 41. Rf1 Kf7 42. Ke3 Re8 43. Rg1 Rg8 44. Kxe4 Kxf6 45. Kf4 Kf7 46. Kf5 Rc8 47. g8=Q+ Rxg8 48. Rxg8 Kxg8 49. Kg6 Kh8 50. Kxh5 Kg7 51. Kg5 Kh7 52. Kf5 Kh6 53. Ke5 Kh5 54. Kd5 Kxh4 55. Kc5 Kg4 56. Kb6 Kf4 57. Kxa6 Ke4 58. Kxb5 Kd5 59. a4 Kd6 60. Kb6 Kd5 61. a5 Kc4 62. b5 Kb4 63. a6 Ka4 64. a7 Kb3 65. a8=Q Kc3 66. Qc6+ Kb4 67. Qe4+ Kb3 68. Kc5 Kc3 69. b6 Kb3 70. b7 Kb2 71. b8=Q+ Kc3 72. Qbb4# 1-0


[Site "https://www.chess.com"]

[Event "Titled Tuesday Blitz June 13 Late 2023"]
[White "Pinheiro, Iung Alicio de O."]
[Black "Kushko, Dmitriy"]
[WhiteFideId "2104350"]
[BlackFideId "14162261"]
[WhiteElo "2283"]
[BlackElo "2230"]
[Result "1-0"]
[Round "5"]
[TimeControl "180+2"]
[Date "2023.06.13"]
[WhiteClock "0:00:05"]
[BlackClock "0:00:00"]
[Board "57"]

1. e4 g6 2. d4 Bg7 3. Nc3 d6 4. Be3 a6 5. Qd2 b5 6. h4 h6 7. h5 g5 8. f4 gxf4 9. Bxf4 Bb7 10. a3 Nd7 11. Nf3 c5 12. d5 Ngf6 13. Bd3 Ng4 14. Nh4 Qb6 15. Nf5 Bf6 16. a4 c4 17. Bf1 b4 18. Nd1 c3 19. bxc3 bxc3 20. Qe2 Nde5 21. Nfe3 Bc8 22. Nf2 Nxf2 23. Qxf2 Bd7 24. Nc4 Nxc4 25. Bxc4 Bd4 26. Qe2 Rg8 27. Bb3 Qc5 28. g3 a5 29. Bc4 Rb8 30. Qd3 Rb4 31. Bb3 f6 32. Rh4 1-0


[Site "https://www.chess.com"]

[Event "Titled Tuesday Blitz June 13 Late 2023"]
[White "Camilla_Lee"]
[Black "Perez Ponsa, Federico"]
[BlackFideId "117927"]
[WhiteElo "2552"]
[BlackElo "2590"]
[Result "0-1"]
[Round "5"]
[TimeControl "180+2"]
[Date "2023.06.13"]
[WhiteClock "0:00:41"]
[BlackClock "0:00:13"]
[Board "58"]

1. e4 c6 2. d4 d5 3. Nc3 dxe4 4. Nxe4 Nf6 5. Ng5 h6 6. Nxf7 Kxf7 7. Nf3 Bf5 8. Bc4+ e6 9. Qe2 Nbd7 10. h3 Nd5 11. g4 Bh7 12. g5 Bd6 13. gxh6 gxh6 14. Bxh6 Bf5 15. Bg5 Qc7 16. O-O-O Rag8 17. h4 Bf4+ 18. Kb1 b5 19. Bd3 Bxd3 20. Qxd3 Qd6 21. Rde1 Nf8 22. Qe4 Ke8 23. Rhg1 Kd7 24. Ne5+ Bxe5 25. dxe5 Qb4 26. Qxb4 Nxb4 27. f4 Nd5 28. b3 b4 29. Kc1 Ng6 30. f5 exf5 31. e6+ Ke8 32. Rh1 Rh5 33. Kd2 Rgh8 34. Ref1 Nxh4 35. Bxh4 Rxh4 36. Rxh4 Rxh4 37. Rxf5 Ke7 38. Rf7+ Kxe6 39. Rxa7 Kd6 40. Kd3 Rh3+ 41. Kd2 Nc3 42. a4 bxa3 43. Kc1 Rh1+ 44. Kd2 a2 0-1


[Site "https://www.chess.com"]

[Event "Titled Tuesday Blitz June 13 Late 2023"]
[White "Janaszak, Dawid"]
[Black "Vakhlamov, Igor L."]
[WhiteFideId "1119206"]
[BlackFideId "24126748"]
[WhiteElo "2220"]
[BlackElo "2407"]
[Result "1-0"]
[Round "5"]
[TimeControl "180+2"]
[Date "2023.06.13"]
[WhiteClock "0:00:07"]
[BlackClock "0:00:00"]
[Board "59"]

1. e4 c5 2. Nc3 e6 3. Bc4 a6 4. a4 Nc6 5. Nf3 Nf6 6. d3 d5 7. exd5 exd5 8. Ba2 Be7 9. h3 O-O 10. O-O Be6 11. Re1 h6 12. Bf4 Re8 13. Ne5 Nxe5 14. Bxe5 Rc8 15. Qf3 c4 16. dxc4 dxc4 17. Qxb7 Qa5 18. Rad1 Red8 19. Rxd8+ Rxd8 20. Bc7 Qc5 21. Bxd8 Bxd8 22. Qa8 Bc8 23. Ne4 Nxe4 24. Rxe4 Bb6 25. Re8+ Kh7 26. Qf3 Be6 27. c3 Qe5 28. Bb1+ g6 29. Qe4 Qf6 30. Qf3 Qg5 31. Rxe6 fxe6 32. Qf7+ Kh8 33. Bxg6 Bxf2+ 34. Kxf2 Qd2+ 35. Kf3 Qd1+ 36. Kf4 Qd6+ 37. Ke3 Qe5+ 38. Be4 Qc5+ 39. Kf3 Qh5+ 40. Qxh5 1-0


[Site "https://www.chess.com"]

[Event "Titled Tuesday Blitz June 13 Late 2023"]
[White "Fernandez Guillen, Ernesto J."]
[Black "MKlose11"]
[WhiteFideId "3512428"]
[WhiteElo "2434"]
[BlackElo "2543"]
[Result "1/2-1/2"]
[Round "5"]
[TimeControl "180+2"]
[Date "2023.06.13"]
[WhiteClock "0:00:04"]
[BlackClock "0:00:07"]
[Board "60"]

1. e4 e6 2. Nf3 d5 3. Nc3 d4 4. Ne2 c5 5. d3 Nc6 6. g3 Bd6 7. Bg2 Nf6 8. O-O e5 9. c3 h6 10. Nd2 g5 11. cxd4 cxd4 12. Nc4 Be6 13. b3 Bc7 14. f4 gxf4 15. gxf4 exf4 16. Nxf4 Bg4 17. Qe1 Rg8 18. Kh1 b5 19. Nd5 Nxd5 20. exd5+ Ne7 21. d6 bxc4 22. dxc7 Qc8 23. Ba3 Be6 24. bxc4 Rxg2 25. Kxg2 Qxc7 26. Qe4 Rc8 27. Rf6 Kd7 28. Re1 Rg8+ 29. Kh1 Qc6 30. Bxe7 Qxe4+ 31. Rxe4 Kxe7 32. Rf2 Kd6 33. Rxd4+ Kc5 34. Rdf4 Bd7 35. Rf6 Bc6+ 36. Rxc6+ Kxc6 37. Rxf7 a5 38. Rf5 a4 39. h4 Rg3 40. Rd5 Rh3+ 41. Kg2 Rxh4 42. Kg3 Rh1 43. Kf3 Ra1 44. Rh5 Rxa2 45. Ke3 a3 46. Kd4 Ra1 47. Rxh6+ Kb7 48. Rh7+ Kb6 49. c5+ Kb5 50. Rb7+ Kc6 51. Rb6+ Kc7 52. Ra6 Kb7 53. Ra4 a2 54. Kd5 Rd1 55. Rxa2 Rxd3+ 56. Kc4 Rd1 57. Rg2 Kc7 58. Rg7+ Kc6 59. Rg6+ Kc7 60. Re6 Rc1+ 61. Kd5 Rd1+ 62. Kc4 Rc1+ 63. Kb5 Rb1+ 64. Kc4 Rc1+ 1/2-1/2


[Site "https://www.chess.com"]

[Event "Titled Tuesday Blitz June 13 Late 2023"]
[White "Makridis, Dimitrios"]
[Black "Urbina Perez, Juan Antonio"]
[WhiteFideId "25864475"]
[BlackFideId "2217368"]
[WhiteElo "2277"]
[BlackElo "2197"]
[Result "0-1"]
[Round "5"]
[TimeControl "180+2"]
[Date "2023.06.13"]
[WhiteClock "0:00:07"]
[BlackClock "0:00:03"]
[Board "61"]

1. e4 e6 2. d4 d5 3. e5 c5 4. c3 Nc6 5. Nf3 Qb6 6. Bd3 Bd7 7. O-O cxd4 8. Re1 Nge7 9. h4 a6 10. h5 h6 11. Nbd2 Nf5 12. Bxf5 exf5 13. Nb3 dxc3 14. bxc3 Be6 15. Be3 Qc7 16. Rb1 Be7 17. Nc5 Rb8 18. Nxe6 fxe6 19. Qa4 O-O 20. c4 b5 21. cxb5 axb5 22. Rxb5 Rxb5 23. Qxb5 Nxe5 24. Nd4 Qd6 25. Bf4 Bf6 26. Qe2 Nf3+ 27. Qxf3 Qb4 28. Nc2 Qb2 29. Qe2 e5 30. Bc1 Qxa2 31. Ne3 Qxe2 32. Rxe2 Bg5 33. Rc2 d4 34. Nc4 Bxc1 35. Rxc1 Rc8 36. Kf1 e4 37. Ke2 d3+ 38. Kd2 Ra8 39. Rb1 Ra2+ 40. Rb2 Ra4 41. Nd6 Ra5 42. Rb8+ Kh7 43. Nf7 g5 44. Rb2 Kg7 45. Nd6 Kf6 46. Nc4 Ra4 47. Rb6+ Kg7 48. Ne3 Ra2+ 49. Kc3 Rxf2 50. Rg6+ Kh7 51. Rf6 f4 52. Nf5 d2 53. Kb3 e3 54. Rxh6+ Kg8 55. Rd6 e2 56. Rg6+ Kf8 57. Rf6+ Ke8 58. Re6+ Kd7 59. Rd6+ Kc7 60. h6 d1=Q+ 61. Kc4 Qxd6 62. Nxd6 Kxd6 63. h7 e1=Q 64. h8=Q Qe4+ 65. Kb5 Qc6+ 66. Kb4 Qb6+ 67. Kc4 Qc5+ 68. Kd3 Qe3+ 69. Kc4 Rc2+ 70. Kb4 Qc5+ 71. Ka4 Qc4+ 72. Ka5 Ra2+ 73. Kb6 Ra6+ 74. Kb7 Qc6+ 75. Kb8 Ra8# 0-1


[Site "https://www.chess.com"]

[Event "Titled Tuesday Blitz June 13 Late 2023"]
[White "Oro, Faustino"]
[Black "Kokoszczynski, Jan"]
[WhiteFideId "20000197"]
[BlackFideId "1174460"]
[WhiteElo "1984"]
[BlackElo "2139"]
[Result "1-0"]
[Round "5"]
[TimeControl "180+2"]
[Date "2023.06.13"]
[WhiteClock "0:00:17"]
[BlackClock "0:00:00"]
[Board "62"]

1. e4 e5 2. Nf3 Nc6 3. Bb5 a6 4. Ba4 Nf6 5. O-O Be7 6. Re1 b5 7. Bb3 d6 8. c3 O-O 9. h3 Bb7 10. d4 exd4 11. cxd4 Nd7 12. Nc3 Na5 13. Bc2 c5 14. Bf4 cxd4 15. Nxd4 Ne5 16. Nd5 Bxd5 17. exd5 Bf6 18. Rb1 g6 19. Be4 Qb6 20. Nf3 Rfe8 21. b3 b4 22. Be3 Qd8 23. Nd4 Qd7 24. Bc2 Qb7 25. Be4 Qd7 26. Bf4 Nb7 27. Nc6 Nc5 28. Bxe5 Bxe5 29. Bf3 Bc3 30. Rxe8+ Rxe8 31. Qc2 h5 32. a3 a5 33. Nxa5 Ra8 34. Nc4 Qb7 35. axb4 Qxb4 36. Nxd6 Bg7 37. Nc4 Rc8 38. d6 Rd8 39. Bd5 Na6 40. Qxg6 Rd7 41. Qf5 1-0


[Site "https://www.chess.com"]

[Event "Titled Tuesday Blitz June 13 Late 2023"]
[White "Zavortink, Matt"]
[Black "Martinez Ramirez, Lennis"]
[WhiteFideId "2034263"]
[BlackFideId "3509079"]
[WhiteElo "2482"]
[BlackElo "2410"]
[Result "0-1"]
[Round "5"]
[TimeControl "180+2"]
[Date "2023.06.13"]
[WhiteClock "0:00:53"]
[BlackClock "0:02:20"]
[Board "63"]

1. d4 Nf6 2. Bf4 d5 3. e3 e6 4. Nf3 Nc6 5. Nbd2 Bd6 6. c3 O-O 7. Bd3 Re8 8. Ne5 Bxe5 9. dxe5 Nd7 10. Nf3 b6 11. Bxh7+ Kxh7 12. Ng5+ Kg6 13. Qd3+ f5 14. exf6+ Kxf6 15. h4 Nc5 16. Qc2 e5 17. h5 Bf5 18. Nh7+ Ke6 19. Qe2 exf4 20. O-O-O Bxh7 21. exf4+ Kf7 22. Qg4 Nd3+ 0-1


[Site "https://www.chess.com"]

[Event "Titled Tuesday Blitz June 13 Late 2023"]
[White "Skvortsov, Andrei"]
[Black "Manea, Alexandru"]
[WhiteFideId "24108600"]
[BlackFideId "1207660"]
[WhiteElo "2259"]
[BlackElo "2226"]
[Result "0-1"]
[Round "5"]
[TimeControl "180+2"]
[Date "2023.06.13"]
[WhiteClock "0:00:06"]
[BlackClock "0:01:24"]
[Board "64"]

1. e4 Nf6 2. e5 Nd5 3. c4 Nb6 4. d4 d6 5. exd6 cxd6 6. Be3 g6 7. b3 Bg7 8. Nc3 O-O 9. Rc1 Bf5 10. Be2 Nc6 11. Nf3 d5 12. c5 Nc8 13. h4 Bg4 14. Ng1 Bxe2 15. Ngxe2 h5 16. Qd2 e6 17. Bg5 N8e7 18. a3 Qd7 19. b4 Nf5 20. Be3 Rfe8 21. b5 Na5 22. Qd3 Nc4 23. a4 a6 24. Bf4 axb5 25. axb5 Ra3 26. Rh3 Bf6 27. Qb1 Nxd4 28. Nxd4 Bxd4 29. Rg3 Bg7 30. Ne2 Rxg3 31. Bxg3 Ra8 32. Qb4 Ra2 33. Nc3 Rb2 34. Qa4 Bxc3+ 35. Rxc3 Qxb5 36. Rxc4 dxc4 37. Qa8+ Kh7 38. Be5 Qb4+ 39. Kf1 Rb1+ 40. Ke2 Qe1+ 41. Kf3 Qxe5 42. Qe8 Rb3# 0-1


[Site "https://www.chess.com"]

[Event "Titled Tuesday Blitz June 13 Late 2023"]
[White "Sai Krishna G V"]
[Black "Womacka, Mathias"]
[WhiteFideId "5028280"]
[BlackFideId "4611390"]
[WhiteElo "2359"]
[BlackElo "2377"]
[Result "1-0"]
[Round "5"]
[TimeControl "180+2"]
[Date "2023.06.13"]
[WhiteClock "0:00:12"]
[BlackClock "0:00:00"]
[Board "65"]

1. e4 c5 2. Nf3 d6 3. d4 cxd4 4. Nxd4 Nf6 5. Nc3 a6 6. Bg5 e6 7. f4 h6 8. Bh4 Qb6 9. Qd2 Qxb2 10. Rb1 Qa3 11. Be2 Be7 12. O-O Nbd7 13. f5 e5 14. Nb3 b5 15. Bxb5 axb5 16. Nxb5 Qa4 17. Nc7+ Kf8 18. Nxa8 Qxa8 19. Na5 Kg8 20. Qb4 Kh7 21. Rb3 Nc5 22. Qc4 Qxa5 23. Qxf7 Nxb3 24. Qxe7 Nxe4 25. f6 Nxf6 26. Bxf6 Rg8 27. axb3 Qc5+ 28. Kh1 Qxc2 29. Bh4 Qxb3 30. Qxd6 Bb7 31. Qxe5 Qd5 32. Qe2 Re8 33. Qc2+ Kh8 34. h3 Re6 35. Rf2 Re8 36. Qb2 Qe4 37. Bg3 Bd5 38. Kh2 Qg6 39. Bf4 Rf8 40. Qe5 Rf5 41. Qb8+ Kh7 42. Rd2 Be4 43. Bg3 Rf7 44. Rd6 1-0


[Site "https://www.chess.com"]